 BcadrenCrawl: Boulder Brew version 0.06-240-gf756cca71e (webtiles) character file.

Game seed: 9021761279934723793, levelgen mode: deterministic

1292 gruber the Cleaver (level 8, -20/105 HPs) Minotaur Berserker. Began on Aug 14, 2022. Was a Priest of Trog. Demolished by a guardian mummy ... wielding a +0 scimitar (42 damage) ... on level 3 of the Dungeon. The game lasted 00:07:27 (3562 turns).

gruber the Cleaver (Minotaur Berserker)             Turns: 3562, Time: 00:07:29

Health: -20/105    AC:  5    Str: 27    XL:     8 ^: 951
Magic:  2/2        EV: 13    Int:  4    God:    Trog [3* [96]]
Gold:   193        SH:  0    Dex: 12    Spells: 7/7 levels left

rFire    . . .     Slash    x   h - +7 war axe (antimagic)
rCold    . . .     Pierce   .   (no weapon)
rNeg     . . .     Bludgeon .   o - +0 leather armour
rCorr    + . .     Vision   .   (helmet restricted)
rPois    .         Gourm    +   b - +0 cloak
rElec    .         Faith    .   q - +0 pair of gloves
MR       .....     Spirit   .   (no boots)
HPRegen  0.45/turn Reflect  .   f - amulet of the gourmand
MPRegen  0.12/turn Harm     .   d - ring of resist corrosion Stlth ..........Rnd*Rage +
                                j - ring of stealth

@: berserking, very quick
A: horns, retaliatory headbutt 2, spit poison 1, soft flesh
a: Spit Poison, Berserk, Trog's Hand, Renounce Religion


You were on level 3 of the Dungeon.
You worshipped Trog.
Trog was most pleased with you.
You were very hungry.

You visited 1 branch of the dungeon, and saw 3 of its levels.

You collected 193 gold pieces.

Inventory:

Weapons
 h - a +7 antimagic war axe (weapon)
 k - a +3 hammer of crushing
 l - a +3 hand crossbow
Armour
 b - a +0 cloak (worn)
 o - a +0 leather armour (worn)
 q - a +0 pair of gloves (worn)
Jewellery
 d - a ring of resist corrosion (left hand)
 f - an amulet of the gourmand (around neck)
 i - a cursed ring of ice {(Curse: *Corrode)}
 j - a ring of stealth (right hand)
 p - an uncursed amulet of guardian spirit
Scrolls
 a - 2 scrolls of teleportation
 m - 2 scrolls of bless item
 n - a scroll of enchantment
Potions
 e - a potion of magic
 g - 2 potions of curing
Comestibles
 c - 6 rations


   Skills:
 - Level 6.0 Fighting
 * Level 10.6 Axes & Hammers
 * Level 4.3 Armour
 + Level 3.2 Dodging


You had 7 spell levels left.
You didn't know any spells.
Your spell library was empty.

Dungeon Overview and Level Annotations

Branches:
Dungeon (3/8)

Altars:


Innate Abilities, Weirdness & Mutations

You reflexively attack those that strike you in melee with your horns.
Your soft flesh is weak to deep cuts.
Heavy manmade armour will nullify this weakness. (rSlashing-)
You frequently lose your temper in combat.
This godly rage surpasses even clarity. (*Rage)
You can spit venom.


Message History

You feel yourself moving faster!
You feel mighty!
You are feeling very hungry.
The guardian mummy hits you with a +0 scimitar (41)!!!
You are lacerated severely!
Unknown command.
You slash the guardian mummy (10)! You punch the guardian mummy (9)!
Your headbutt misses the guardian mummy.
The guardian mummy is heavily damaged. (24/49) HP You slash the mummy (14)!
He is lacerated severely!
You destroy the mummy!
Trog accepts your kill.
You hit the guardian mummy (4).
The guardian mummy is heavily damaged. (20/49) HP The guardian mummy hits you with a +0 scimitar (40)!!!
You are lacerated severely!
* * * LOW HITPOINT WARNING * * *
You hit the guardian mummy (3).
You hit the guardian mummy but do no damage.
You headbutt the guardian mummy (5).
The guardian mummy is severely damaged. (13/49) HP The guardian mummy hits you with a +0 scimitar (42)!!!
You are lacerated severely!
You die...

######## ......##
## ......## .=.
##:##......#
...$##...##M†...#
...........@....#
......8.......##
.............##
#.?.....##+#
##.....## ##.8.##
#...# #...# #...#


You could see a guardian mummy.

Vanquished Creatures
  A guardian mummy (D:3)
  A water moccasin (D:2)
  2 big kobolds (D:2)
  2 crocodiles (D:2)
  A howler monkey (D:3)
  A llaibwca (D:3)
  3 jellies (D:2)
  4 mummies (D:3)
  11 giant cockroaches
  2 porcupine skeletons (D:3)
  2 cysgobwcod (D:3)
  2 adders (D:2)
  13 sewer rats (D:2)
  4 worms
  6 cinder newts
  2 oozes (D:2)
  2 hound zombies (D:3)
  3 worker ant zombies (D:3)
  2 dart slugs (D:1)
  5 leopard geckos
  2 adder skeletons
  5 ball pythons
  A cinder newt skeleton (D:2)
  2 goblins (D:1)
  3 hobgoblins (D:1)
  4 jackals (D:3)
  A ball python skeleton (D:2)
  3 bats (D:1)
  2 bat skeletons (D:2)
  A hobgoblin skeleton (D:2)
  14 kobolds
  3 leopard gecko skeletons
  5 rats (D:1)
  2 rat skeletons (D:2)
  16 withered plants (D:2)
133 creatures vanquished.

Vanquished Creatures (others)
  A giant blowfly (D:2)
  2 slimeheads (D:2)
  70 withered plants (D:2)
73 creatures vanquished.

Grand Total: 206 creatures vanquished

Notes
Turn   | Place    | Note
-------+----------+-------------------------------------------
     0 | D:1      | gruber the Minotaur Berserker began the quest for the Orb.
     0 | D:1      | Reached XP level 1. HP: 19/19 MP: 0/0
    23 | D:1      | Reached skill level 4 in Axes & Hammers
    23 | D:1      | Reached XP level 2. HP: 27/27 MP: 1/1
   114 | D:1      | Received a gift from Trog
   119 | D:1      | Reached ** piety under Trog
   251 | D:1      | Reached XP level 3. HP: 33/33 MP: 2/2
   799 | D:1      | Reached XP level 4. HP: 41/41 MP: 1/3
   802 | D:1      | Reached skill level 5 in Axes & Hammers
  1048 | D:2      | Noticed a big kobold
  1056 | D:2      | Reached XP level 5. HP: 47/47 MP: 1/4
  1060 | D:2      | Reached skill level 5 in Fighting
  1060 | D:2      | Reached skill level 6 in Axes & Hammers
  1191 | D:2      | Reached skill level 7 in Axes & Hammers
  1191 | D:2      | Reached XP level 6. HP: 47/56 MP: 1/5
  1568 | D:2      | Reached skill level 8 in Axes & Hammers
  1568 | D:2      | Reached XP level 7. HP: 29/61 MP: 2/6
  1583 | D:1      | Gained mutation: You can spit venom. [potion of mutation]
  2074 | D:2      | Reached skill level 9 in Axes & Hammers
  2569 | D:2      | Reached *** piety under Trog
  2774 | D:2      | Received a gift from Trog
  3303 | D:3      | Reached XP level 8. HP: 70/70 MP: 2/7
  3367 | D:3      | Reached skill level 10 in Axes & Hammers
  3562 | D:3      | Demolished by a guardian mummy

Levels and vault maps discovered:
D:1:      heliophobic_arrival_ceremonial_halls, layout_basic, first_ration,
          minmay_misc_feat_rows, gup_sewer_entry_pipe
D:2:      layout_sewer
D:3:      ossuary_tomb_3, layout_rooms, gammafunk_temple_overflow_elements,
          zin_statuary

Skill      XL: |  1  2  3  4  5  6  7  8 |
---------------+-------------------------+-----
Axes & Hammers | 4 5 7 8 9 10 | 10.6
Fighting       | 4 5 6 |  6.0
Dodging        | 3 |  3.2
Armour         | 4 |  4.3

Action                   |  1- 3 |  4- 6 |  7- 9 || total
-------------------------+-------+-------+-------++-------
Melee: Hatchet           |    22 |       |       ||    22
       Unarmed           |    15 |    28 |    73 ||   116
       Headbutt          |     5 |     8 |    18 ||    31
       War axe           |    10 |    46 |   120 ||   176
Invok: Berserk           |       |       |     3 ||     3
       Trog's Hand       |       |       |     1 ||     1
  Use: Potion            |       |       |     2 ||     2
 Stab: Sleeping          |       |       |     2 ||     2
  Eat: Chunk             |       |     8 |     3 ||    11
Armor: Animal skin       |     9 |     3 |       ||    12
       Leather armour    |       |       |    32 ||    32
Dodge: Dodged            |     8 |    13 |    29 ||    50
